 Dungeon Crawl Stone Soup version 0.30-a0-799-g109b55a442 (webtiles) character file.

Game seed: 17527372759106682505

53 bande the Shield-Bearer (level 3, -2/24 HPs)
             Began as a Gargoyle Fighter on Feb 21, 2023.
             Was an Initiate of Okawaru.
             Killed by divine providence
             ... invoked by an orc priest
              (12 damage)
             ... on level 3 of the Dungeon.
             The game lasted 00:02:31 (1470 turns).

bande the Shield-Bearer (Gargoyle Fighter)          Turns: 1470, Time: 00:02:32

Health: -2/24      AC: 15    Str: 19    XL:     3   Next: 87%
Magic:  3/3        EV:  7    Int: 14    God:    Okawaru [......]
Gold:   168        SH:  4    Dex: 11    Spells: 2/2 levels left

rFire   . . .      SeeInvis .    a - +0 war axe
rCold   . . .      Faith    .    c - +0 buckler
rNeg    + . .      Spirit   .    s - +0 chain mail
rPois   ∞          Reflect  .    p - +0 helmet
rElec   +          Harm     .    (no cloak)
rCorr   .          Rampage  .    (no gloves)
Will    .....                    r - +1 pair of boots Stlth
                                 (no amulet)
HPRegen 0.24/turn                q - +6 ring of intelligence
MPRegen 0.08/turn                (no ring)

@: no status effects
A: sickness immunity, AC +3, negative energy resistance 1, electricity
resistance, torment resistance 1, petrification resistance
a: Renounce Religion


You were on level 3 of the Dungeon.
You worshipped Okawaru.
Okawaru was noncommittal.
You visited 1 branch of the dungeon, and saw 3 of its levels.

You collected 168 gold pieces.

Inventory:

Hand Weapons
 a - a +0 war axe (weapon)
Armour
 c - a +0 buckler (worn)
 p - a +0 helmet (worn)
 r - a +1 pair of boots (worn)
 s - a +0 chain mail (worn)
Jewellery
 q - a +6 ring of intelligence (left hand)
Wands
 b - a wand of paralysis (12)
Scrolls
 i - 2 scrolls of identify
 l - a scroll of teleportation
 m - a scroll of fog
Potions
 d - a potion of might
 e - a potion of heal wounds
 f - a potion of lignification {unknown}
 g - a potion of curing {unknown}
 h - a potion of brilliance {unknown}
 j - a potion of mutation {unknown}
 k - a potion of ambrosia {unknown}
 n - a potion of attraction {unknown}
 o - a potion of berserk rage {unknown}


   Skills:
 + Level 3.7 Fighting
 + Level 2.6 Axes
 + Level 3.6 Armour
 + Level 3.8 Shields


You had 2 spell levels left.
You didn't know any spells.
Your spell library contained the following spells:

 Spells                   Type           Power      Damage    Failure   Level
 Magic Dart               Conj           0%         1d3       99%         1
 Searing Ray              Conj           0%         2d4       100%        2
 Fulminant Prism          Conj/Hex       0%         3d5       100%        4


Dungeon Overview and Level Annotations

Branches:
Dungeon (3/15)

Altars:
Okawaru


Innate Abilities, Weirdness & Mutations

You are immune to sickness and miasma.
Your stone body is resilient. (AC +3)
You are immune to poison.
You resist negative energy. (rN+)
You are resistant to electric shocks. (rElec)
You are resistant to unholy torment.
You are immune to petrification.


Message History

No target in view!
No target in view!
No target in view!
No target in view!
Found 5 stones.
You open the door.
You see here 5 stones.
You open the door.
There is an open door here.
Found a pair of gloves.
No target in view!
No target in view!
No target in view!
An orc priest comes into view. It is wielding a +0 short sword.
The orc priest shouts!
You hear a shout!
An orc comes into view. It is wielding a +0 whip.
Found a scroll labelled LADERI JADGHAKE.
The orc shouts!
An orc comes into view. It is wielding a +0 war axe.
The orc priest mumbles some strange prayers to Beogh against you.
Beogh smites you!
Ouch! That really hurt!
You are too injured to fight recklessly!
You are too injured to fight recklessly!
You are too injured to fight recklessly!
You are too injured to fight recklessly!
You are too injured to fight recklessly!
You are too injured to fight recklessly!
You are too injured to fight recklessly!
You are too injured to fight recklessly!
You are too injured to fight recklessly!
You are too injured to fight recklessly!
You are too injured to fight recklessly!
You are too injured to fight recklessly!
Found a leather armour.
You barely miss the orc priest.
The orc priest mumbles some strange prayers to Beogh against you.
Beogh smites you!
Ouch! That really hurt!
You die...

....# ....#
#............# ....#
#............# ....#
#............# #####
#............#
#............#
##########......!....?#
......................#
................@o.[..#
..................oo....
...........#####........
...........'............
...........#####.###....
...... ...........# #.#
...[ .....# ...........#
#.# ### #....#
.........(.# #.# #....+
#######..### #....#


You could see an orc priest and 2 orcs.

Vanquished Creatures
  A dart slug (D:3)
  11 ball pythons
  A bat (D:3)
  3 endoplasms
  2 giant cockroaches (D:1)
  4 goblins
  5 hobgoblins
  4 quokkas
  3 frilled lizards (D:1)
  8 kobolds
  4 rats
46 creatures vanquished.

Vanquished Creatures (others)
  A plant (D:2)
1 creature vanquished.

Grand Total: 47 creatures vanquished

Notes
Turn   | Place    | Note
-------+----------+-------------------------------------------
     0 | D:1      | bande the Gargoyle Fighter began the quest for the Orb.
     0 | D:1      | Reached XP level 1. HP: 14/14 MP: 1/1
   116 | D:1      | Reached XP level 2. HP: 17/19 MP: 2/2
   277 | D:1      | Reached XP level 3. HP: 17/23 MP: 3/3
  1284 | D:3      | Found an iron altar of Okawaru.
  1294 | D:3      | Became a worshipper of Warmaster Okawaru
  1470 | D:3      | Killed from afar by an orc priest

Illustrated notes

Levels and vault maps discovered:
D:1:      mrwooster_arrival_statue_3, layout_rooms, minmay_tromino_i4
D:2:      layout_rooms, hangedman_decor_slide_cut, guppyfry_early_lair_pool
D:3:      layout_basic, mainiacjoe_overflow_six_doors_small,
          shapermc_ecumenical_altar_notcrosses

Skill      XL: |  1  2 |
---------------+-------+-----
Axes           | 2 |  2.6
Fighting       | |  3.7
Armour         | |  3.6
Shields        | |  3.8

Action                     || total
---------------------------++-------
  Melee: War axe           ||   117
    Use: Scroll            ||     5
 Armour: Scale mail        ||    65
         Chain mail        ||    23
  Dodge: Dodged            ||    52
  Block: Buckler           ||    15

Table legend: (Time is in decaauts)
 A = Elapsed time spent in this place.
 B = Non-inter-level travel time spent in this place.
 C = Inter-level travel time spent in this place.
 D = Time resting spent in this place.
 E = Time spent auto-exploring this place.
 F = Levels seen in this place.
 G = Mean time per level.
                   A        B        C        D        E       F      G
               +--------+--------+--------+--------+--------+-----+--------+
         Total |   1521 |   1521 |      0 |      0 |   1107 |   3 |  507.0 |
       Dungeon |   1521 |   1521 |      0 |      0 |   1107 |   3 |  507.0 |
               +--------+--------+--------+--------+--------+-----+--------+

Top non-repeatable levels by time:
     D:1: 625 daAuts
     D:2: 497 daAuts
     D:3: 398 daAuts
